 Dungeon Crawl Stone Soup version 0.29.1-15-g9cfb28693d (webtiles) character file.

Game seed: 5983936562825404606

392 croobank the Conjurer (level 6, -2/41 HPs)
             Began as a Demonspawn Conjurer on Mar 9, 2023.
             Slain by a gnoll
             ... wielding a +0 flail
             ... led by a gnoll bouda
              (9 damage)
             ... on level 4 of the Dungeon.
             The game lasted 00:09:31 (4096 turns).

croobank the Conjurer (Demonspawn Conjurer)         Turns: 4096, Time: 00:09:32

Health: -2/41      AC:  3    Str:  7    XL:     6   Next: 50%
Magic:  10/10      EV: 12    Int: 22    God:
Gold:   131        SH:  0    Dex: 11    Spells: 5/11 levels left

rFire   . . .      SeeInvis .   i - +0 dagger
rCold   . . .      Faith    .   (no shield)
rNeg    . . .      Spirit   .   u - +0 leather armour {Will+}
rPois   .          Reflect  .   (no helmet)
rElec   .          Harm     .   (no cloak)
rCorr   .          Rampage  .   (no gloves)
Will    +....                   (no boots)
Stlth   ++........              (no amulet)
HPRegen 0.13/turn               (no ring)
MPRegen 0.24/turn               (no ring)

@: no status effects
A: powered by pain 1, magic regeneration, weakness stinger 1, demonic touch 1
a: no special abilities


You were on level 4 of the Dungeon.
You visited 1 branch of the dungeon, and saw 4 of its levels.

You collected 131 gold pieces.

Inventory:

Hand Weapons
 i - a +0 dagger (weapon)
 j - a +0 hand axe
 l - a +0 spear
Armour
 p - a +0 ring mail
 u - a +0 leather armour of willpower (worn)
Jewellery
 o - an amulet of the acrobat
Wands
 b - a wand of iceblast (13)
 e - a wand of paralysis (14)
Scrolls
 d - a scroll of torment {unknown}
 g - 2 scrolls of butterflies {unknown}
 h - 2 scrolls of vulnerability {unknown}
 k - 2 scrolls of enchant armour {unknown}
 n - 5 scrolls of identify {unknown}
 q - a scroll of immolation {unknown}
 r - a scroll of fear {unknown}
 s - a scroll of teleportation
Potions
 a - a potion of mutation {unknown}
 c - a potion of heal wounds {unknown}
 f - a potion of resistance {unknown}
 m - 2 potions of cancellation {unknown}
 t - 2 potions of brilliance {unknown}
 v - a potion of degeneration {unknown}
 w - 2 potions of ambrosia {unknown}
 x - a potion of flight {unknown}


   Skills:
 + Level 2.1 Armour
 + Level 3.1 Dodging
 + Level 3.2 Stealth
 + Level 3.2 Spellcasting
 + Level 4.9 Conjurations
 + Level 2.1 Hexes


You had 5 spell levels left.
You knew the following spells:

 Your Spells              Type           Power      Damage    Failure   Level
a - Magic Dart            Conj           100%       1d8       2%          1
b - Searing Ray           Conj           50%        2d6       3%          2
c - Dazzling Flash        Conj/Hex       38%        N/A       13%         3

Your spell library contained the following spells:

 Spells                   Type           Power      Damage    Failure   Level
 Blink                    Tloc           6%         N/A       26%         2
 Fulminant Prism          Conj/Hex       9%         3d7       38%         4
 Lesser Beckoning         Tloc           3%         N/A       47%         3
 Iskenderun's Mystic Bla  Conj/Tloc      14%        2d5       54%         4
 Manifold Assault         Tloc           3%         N/A       99%         5


Dungeon Overview and Level Annotations

Branches:
Dungeon (4/15)
 Temple: D:4-7

Altars:

Annotations:
D:2 Natasha x 2, Terence
D:4 2 transporters, sigtrap's ghost, amateur KoHu


Innate Abilities, Weirdness & Mutations

You sometimes gain a little power by taking damage.
You regenerate magic rapidly.
You have a small tail.
Your touch may inflict minor irresistible damage on your foes.


Message History

The gnoll is lightly wounded.
The gnoll hits you with a +0 flail.
A gnoll comes into view. It is wielding a +0 flail.
You hit the gnoll but do no damage. You tail-slap the gnoll.
The gnoll is heavily wounded.
The gnoll hits you with a +0 flail.
Casting: Searing Ray (safe; 3% risk of failure)
Confirm with . or Enter, or press ? or * to list all spells.
Aiming: Magic Dart (safe; 2% risk of failure)
Press: ? - help, Shift-Dir - straight line, f - gnoll
Aim: a gnoll, wielding a +0 flail (heavily wounded, 100% to hit)
Okay, then.
You hit the gnoll. Your touch misses the gnoll.
The gnoll is heavily wounded.
The gnoll barely misses you.
You barely miss the gnoll.
The gnoll is heavily wounded.
The gnoll barely misses you.
You hit the gnoll but do no damage.
The gnoll is heavily wounded.
The gnoll completely misses you.
You hit the gnoll but do no damage.
You touch the gnoll.
You kill the gnoll!
You hit the gnoll but do no damage.
Your tail-slap misses the gnoll.
The gnoll hits you with a +0 flail.
You hit the gnoll. You tail-slap the gnoll. Your touch misses the gnoll.
The gnoll is lightly wounded.
The gnoll hits you but does no damage.
You barely miss the gnoll. Your touch misses the gnoll.
The gnoll is lightly wounded.
The gnoll hits you with a +0 flail.
You hit the gnoll.
The gnoll is moderately wounded.
The gnoll hits you with a +0 flail!
* * * LOW HITPOINT WARNING * * *
You focus on the pain.
You feel your power returning.
You hit the gnoll.
Your tail-slap misses the gnoll.
The gnoll is moderately wounded.
The gnoll hits you with a +0 flail!
You die...

.# .. ##.# +..##...
##..##.... #.
##...##..### #.
#........... <.
#.##..###..## #.
#.....@g)..#######
#.
#...##.###........#
#. #### #......###
#.#####. ######.#
#....... #.#
#######.
#.###########.
#.............
##############


You could see a gnoll.

Vanquished Creatures
  An ice beast (D:3)
  A phantom (D:4)
  A howler monkey (D:4)
  A hound (D:4)
  A gnoll bouda (D:4)
  Natasha (D:2)
  3 gnolls (D:4)
  An adder (D:3)
  4 worms
  3 dart slugs
  An orc (D:4)
  3 endoplasms
  3 giant cockroaches
  2 goblins
  7 hobgoblins
  A quokka (D:2)
  3 ball pythons
  5 bats
  2 frilled lizards (D:2)
  10 kobolds
  4 rats
58 creatures vanquished.

Vanquished Creatures (others)
  6 plants (D:2)
6 creatures vanquished.

Grand Total: 64 creatures vanquished

Notes
Turn   | Place    | Note
-------+----------+-------------------------------------------
     0 | D:1      | croobank the Demonspawn Conjurer began the quest for the
                  | Orb.
     0 | D:1      | Reached XP level 1. HP: 13/13 MP: 3/3
   845 | D:1      | Discovered your monstrous ancestry.
   845 | D:1      | Gained mutation: Your touch may inflict minor irresistible
                  | damage on your foes. [demonic ancestry]
   845 | D:1      | Reached XP level 2. HP: 17/19 MP: 0/5
   898 | D:1      | Learned a level 2 spell: Searing Ray
  1377 | D:2      | Noticed Terence
  1690 | D:2      | Gained mutation: You have a small tail. [demonic ancestry]
  1690 | D:2      | Reached XP level 3. HP: 21/24 MP: 1/6
  1694 | D:2      | Learned a level 3 spell: Dazzling Flash
  2071 | D:2      | Noticed Natasha
  2073 | D:2      | Killed Natasha
  2074 | D:2      | Reached skill level 1 in Armour
  2243 | D:2      | Reached XP level 4. HP: 30/30 MP: 7/7
  2427 | D:3      | Noticed an ice beast
  2437 | D:3      | Killed an ice beast
  2438 | D:3      | Reached skill level 1 in Hexes
  2438 | D:3      | Gained mutation: You sometimes gain a little power by
                  | taking damage. [demonic ancestry]
  2438 | D:3      | Reached XP level 5. HP: 27/35 MP: 7/9
  2510 | D:3      | Found a faded altar of an unknown god.
  3662 | D:4      | Found a transporter.
  3665 | D:4      | Noticed sigtrap's ghost (amateur KoHu)
  3696 | D:4      | Found a transporter.
  3991 | D:4      | Noticed a phantom
  4000 | D:4      | Killed a phantom
  4001 | D:4      | Gained mutation: You regenerate magic rapidly. [demonic
                  | ancestry]
  4001 | D:4      | Reached XP level 6. HP: 30/41 MP: 0/10
  4096 | D:4      | Slain by a gnoll

Illustrated notes

Levels and vault maps discovered:
D:1:      dpeg_arrival_renting, layout_basic, serial_forest,
          infiniplex_forest_zigzag_2, infiniplex_forest_lined_ring,
          infiniplex_forest_lined_room_3, infiniplex_forest_lined_ring,
          infiniplex_forest_clump_tiny, infiniplex_forest_lined_3_way,
          infiniplex_forest_lined_room_3, infiniplex_forest_lined_4_way
D:2:      layout_loops_cross, serial_bayou_crossing, uniq_natasha, uniq_terence
D:3:      layout_rooms, shapermc_ecumenical_altar_mp_highgroup, serial_curves,
          eino_curves_04, eino_curves_02, kennysheep_small_spiral
D:4:      layout_loops_ring, grunt_temple_overflow_lords_of_destruction,
          minmay_temple_entry_nine_rooms, gammafunk_ghost_stat_death,
          uniq_eustachio

Skill      XL: |  1  2  3  4  5 |
---------------+----------------+-----
Stealth        | 2 3 |  3.2
Dodging        | 2 3 |  3.1
Armour         | 1 2 |  2.1
Hexes          | 1 2 |  2.1
Spellcasting   | 3 |  3.2
Conjurations   | |  4.9

Action                   |  1- 3 |  4- 6 || total
-------------------------+-------+-------++-------
Melee: Unarmed           |    10 |       ||    10
       Dagger            |    12 |    22 ||    34
       Touch             |     3 |     4 ||     7
       Tailslap          |       |     3 ||     3
 Cast: Magic Dart        |    34 |     7 ||    41
       Searing Ray       |    15 |    22 ||    37
Evoke: Wand              |       |     1 ||     1
  Use: Scroll            |     1 |       ||     1
       Potion            |     1 |       ||     1
 Stab: Sleeping          |     2 |     1 ||     3
       Paralysed         |       |     5 ||     5
Armor: Leather armour    |     9 |     9 ||    18
Dodge: Dodged            |    12 |    13 ||    25
